 Dungeon Crawl Stone Soup version 0.20.2-3-g29329e0561 (webtiles) character file.

317 Alfie the Shield-Bearer (level 6, -5/52 HPs)
             Began as a Minotaur Fighter on Oct 14, 2020.
             Slain by Alfie's ghost (12 damage)
             ... on level 5 of the Dungeon.
             The game lasted 00:05:36 (2147 turns).

Alfie the Shield-Bearer (Minotaur Fighter)          Turns: 2147, Time: 00:05:36

Health: -5/52      AC:  8    Str: 28    XL:     6   Next: 20%
Magic:  5/5        EV:  8    Int:  5    God:
Gold:   139        SH: 11    Dex:  9    Spells: 4/5 levels left

rFire    . . .     SeeInvis .   a - +0 long sword
rCold    . . .     Gourm    .   c - +1 shield
rNeg     . . .     Faith    .   b - +1 scale mail
rPois    .         Spirit   .   (helmet restricted)
rElec    .         Reflect  .   (no cloak)
rCorr    .         Harm     .   (no gloves)
MR       .....                  (no boots)
Stlth    ..........             (no amulet)
Regen    0.2/turn               (no ring)
MPRegen  0.1/turn               (no ring)

@: mighty
A: retaliatory headbutt, horns 2
a: no special abilities


You were on level 5 of the Dungeon.
You were not hungry.

You visited 1 branch of the dungeon, and saw 5 of its levels.

You collected 139 gold pieces.

Inventory:

Hand Weapons
 a - a +0 long sword (weapon)
Armour
 b - a +1 scale mail (worn)
 c - a +1 shield (worn)
Scrolls
 g - 4 scrolls of identify
 k - a scroll of noise {unknown}
 n - 5 scrolls of remove curse
 o - a scroll of recharging {unknown}
Potions
 e - a potion of ambrosia {unknown}
 h - a potion of brilliance
 j - a potion of heal wounds {unknown}
 p - a potion of resistance {unknown}
 q - a potion of haste {unknown}
Books
 m - a book of Minor Magic

   Spells                             Type                      Level
   a - Magic Dart                     Conjuration                  1
   b - Blink                          Translocation                2
   c - Call Imp                       Summoning                    2
   d - Slow                           Hexes                        2
   e - Conjure Flame                  Conjuration/Fire             3
   f - Mephitic Cloud                 Conjuration/Poison/Air       3
Comestibles
 f - 2 bread rations
 l - a royal jelly
 r - a meat ration


   Skills:
 + Level 4.2 Fighting
 + Level 5.0 Long Blades
 + Level 4.8 Armour
 + Level 1.3 Dodging
 + Level 0.3 Stealth
 + Level 5.6 Shields


You had 4 spell levels left.
You knew the following spells:

 Your Spells              Type           Power        Failure   Level  Hunger
a - Magic Dart            Conj           #...         98%         1    ##.....


Dungeon Overview and Level Annotations

Branches:
Dungeon (4/15)
 Temple: D:4-7

Altars:
Elyvilon
Okawaru
Qazlal
Xom
Zin

Annotations:
D:5 Alfie's ghost, novice MiFi


Innate Abilities, Weirdness & Mutations

You reflexively headbutt those who attack you in melee.
You have a pair of horns on your head.


Message History

* * * LOW HITPOINT WARNING * * *
You feel very mighty all of a sudden.
Alfie's ghost hits you but does no damage.
You block something's attack.
As you read the scroll of fear, it crumbles to dust.
You assume a fearsome visage.
Alfie's ghost is unaffected.
You block Alfie's ghost's attack.
A sky beast appears from thin air!
Reactivating autopickup.
You hit Alfie's ghost.
Alfie's ghost is heavily damaged.
You block Alfie's ghost's attack.
You hit Alfie's ghost. You headbutt Alfie's ghost.
Alfie's ghost is heavily damaged.
You block Alfie's ghost's attack. Alfie's ghost hits you.
* * * LOW HITPOINT WARNING * * *
You hit Alfie's ghost.
You headbutt Alfie's ghost, but do no damage.
Alfie's ghost is severely damaged.
Alfie's ghost hits you!
You die...

###########
#.......Y.#### #.
#............#
#...#..≈.........#
#.....@W.........#
#.......##.......#
#.......##.......#
#.......##.......#
#.......##.......#
#.......##########
#.......#
#.......#


You could see a sky beast (fleeing) and Alfie's ghost.

Vanquished Creatures
  Sigmund (D:3)
  A centaur skeleton (D:3)
  Natasha (twice) (D:3)
  3 adders
  3 dart slugs
  3 leopard geckos
  3 orcs (D:3)
  9 bats
  3 giant cockroaches
  9 hobgoblins
  2 jackals (D:2)
  5 quokkas
  A frilled lizard (D:2)
  6 goblins
  4 kobolds
  3 rats
58 creatures vanquished.

Notes
Turn   | Place    | Note
-------+----------+-------------------------------------------
     0 | D:1      | Alfie the Minotaur Fighter began the quest for the Orb.
     0 | D:1      | Reached XP level 1. HP: 19/19 MP: 0/0
   101 | D:1      | Reached XP level 2. HP: 24/27 MP: 1/1
   670 | D:2      | Reached XP level 3. HP: 32/33 MP: 2/2
   766 | D:2      | Found a stormy altar of Qazlal.
   783 | D:2      | Learned a level 1 spell: Magic Dart
   923 | D:2      | Found an iron altar of Okawaru.
  1562 | D:3      | Reached XP level 4. HP: 37/40 MP: 3/3
  1570 | D:3      | Noticed Natasha
  1572 | D:3      | Found a shimmering altar of Xom.
  1584 | D:3      | Killed Natasha
  1586 | D:3      | Found a glowing silver altar of Zin.
  1647 | D:3      | Reached skill level 1 in Dodging
  1676 | D:3      | Reached XP level 5. HP: 46/46 MP: 4/4
  1721 | D:3      | Noticed Sigmund
  1722 | D:3      | Found a white marble altar of Elyvilon.
  1732 | D:3      | Killed Sigmund
  1732 | D:3      | Reached skill level 5 in Shields
  1732 | D:3      | Reached XP level 6. HP: 41/52 MP: 5/5
  1935 | D:3      | Noticed Natasha
  1945 | D:3      | Killed Natasha
  1945 | D:3      | Reached skill level 5 in Long Blades
  2126 | D:4      | You fall through a shaft!
  2126 | D:5      | Entered Level 5 of the Dungeon
  2126 | D:5      | Noticed a sky beast
  2126 | D:5      | Noticed Alfie's ghost (novice MiFi)
  2147 | D:5      | Slain by Alfie's ghost

Skill      XL: |  1  2  3  4  5  6 |
---------------+-------------------+-----
Shields        | 4 5 |  5.6
Armour         | 4 |  4.8
Fighting       | 4 |  4.2
Long Blades    | 3 4 5 |  5.0
Dodging        | 1 |  1.3
Stealth        | |  0.3

Action                   |  1- 3 |  4- 6 || total
-------------------------+-------+-------++-------
Melee: Long sword        |   104 |    81 ||   185
       Headbutt          |    13 |    17 ||    30
  Use: Scroll            |     7 |     1 ||     8
       Potion            |       |     2 ||     2
  Eat: Bread ration      |     1 |       ||     1
Armor: Scale mail        |    51 |    37 ||    88
Dodge: Dodged            |    31 |    26 ||    57
Block: Shield            |    73 |    47 ||   120
       Rpst.: Long sword |     7 |     8 ||    15
